 Dungeon Crawl Stone Soup version 0.28-a0-1524-ge72afd5fc6 (webtiles) character file.

Game seed: 13532282411318724811

35 knot the Chopper (level 3, 29/29 HPs)
             Began as a Demonspawn Berserker on Jan 18, 2022.
             Was a Follower of Trog.
             Quit the game on level 2 of the Dungeon.
             The game lasted 00:00:45 (1087 turns).

knot the Chopper (Demonspawn Berserker)             Turns: 1087, Time: 00:00:45

Health: 29/29      AC:  5    Str: 17    XL:     3   Next: 16%
Magic:  3/3        EV: 11    Int: 10    God:    Trog [*.....]
Gold:   15         SH:  4    Dex: 12    Spells: 2/2 levels left

rFire   . . .      SeeInvis .   a - +0 hand axe
rCold   . . .      Faith    .   (no shield)
rNeg    . . .      Spirit   .   g - +0 ring mail
rPois   .          Reflect  .   (no helmet)
rElec   .          Harm     .   (no cloak)
rCorr   .          Rampage  .   (no gloves)
Will    .....                   (no boots)
Stlth   +.........              (no amulet)
HPRegen 0.09/turn               (no ring)
MPRegen 0.08/turn               (no ring)

@: no status effects
A: large bone plates 1, demonic touch 1
a: Renounce Religion, Berserk


You were on level 2 of the Dungeon.
You worshipped Trog.
Trog was aware of your devotion.
You visited 1 branch of the dungeon, and saw 2 of its levels.

You collected 15 gold pieces.

Inventory:

Hand Weapons
 a - a +0 hand axe (weapon)
Missiles
 b - 3 stones (quivered)
 i - 3 poisoned darts
Armour
 g - a +0 ring mail (worn)
Scrolls
 d - a scroll of identify {unknown}
 e - 2 scrolls of teleportation {unknown}
 f - a scroll of enchant armour {unknown}
 h - a scroll of amnesia {unknown}
Potions
 c - a potion of attraction {unknown}
 j - a potion of might {unknown}


   Skills:
 - Level 3.0 Fighting
 + Level 3.9 Axes
 - Level 1.7 Armour
 - Level 1.7 Dodging


You had 2 spell levels left.
You didn't know any spells.
Your spell library was empty.

Dungeon Overview and Level Annotations

Branches:
Dungeon (2/15)

Altars:

Shops:
D:1 (


Innate Abilities, Weirdness & Mutations

You are partially covered in large bone plates. (SH +4)
Your touch may inflict minor irresistible damage on your foes.


Message History

You kill the kobold!
Trog accepts your kill.
No target in view!
No target in view!
HP restored.
h - a scroll labelled PYZADGH EZUTT
i - 3 poisoned darts No target in view!
j - a fizzy clear potion No target in view!
No target in view!
Found a stone staircase leading down.
No target in view!
You open the door.
There is an open door here.
You open the door.
There is an open door here.
An adder comes into view.
The adder moves out of view.
No target in view!
No target in view!
You barely miss the adder. The adder barely misses you.
An adder is nearby!
You barely miss the adder. Your touch misses the adder.
The adder bites you but does no damage. The adder barely misses you.
You hit the adder.
The adder is moderately wounded.
The adder misses you.
You hit the adder.
The adder is severely wounded.
The adder barely misses you. The adder closely misses you.
You hit the adder.
You touch the adder.
You kill the adder!
Trog accepts your kill.
You have reached level 3!
Your experience leads to an increase in your attributes!
Increase (S)trength, (I)ntelligence, or (D)exterity?
You feel clever. x2; Your demonic ancestry asserts itself...
Large bone plates grow over parts of your arms.
Are you sure you want to abandon this character and quit the game? (Confirm with "yes".)

#... #..#### #.....
#....# ##########
#....+ #........#
#....###### .........#
#..........
.........### #..@....#
...........# ##'##...#
..........># #.# ..#
...........# #.# .#
...........####.####.#.
...........'...........
...........#########.#.
#..................
#.......#########.#


There were no monsters in sight!

Vanquished Creatures
  An adder (D:2)
  2 endoplasms
  6 goblins (D:1)
  2 hobgoblins (D:1)
  A ball python (D:1)
  A bat (D:1)
  2 frilled lizards (D:1)
  4 kobolds
  7 rats
26 creatures vanquished.

Notes
Turn   | Place    | Note
-------+----------+-------------------------------------------
     0 | D:1      | knot the Demonspawn Berserker began the quest for the Orb.
     0 | D:1      | Reached XP level 1. HP: 18/18 MP: 1/1
   173 | D:1      | Found Nonac's Antique Weapon Shoppe.
   210 | D:1      | Gained mutation: Your touch may inflict minor irresistible
                  | damage on your foes. [demonic ancestry]
   210 | D:1      | Reached XP level 2. HP: 23/24 MP: 2/2
   528 | D:1      | Found a faded altar of an unknown god.
  1087 | D:2      | Gained mutation: You are partially covered in large bone
                  | plates. (SH +4) [demonic ancestry]
  1087 | D:2      | Reached XP level 3. HP: 29/29 MP: 3/3
  1087 | D:2      | Quit the game

Illustrated notes

Levels and vault maps discovered:
D:1:      minmay_arrival_four_circles, layout_rooms, serial_shops,
          nicolae_shop_hallway_stairs, basic_ecumenical_altar,
          kennysheep_decorative_pillar, columned_hall_lemuel,
          minmay_tetromino_l2
D:2:      layout_basic

Skill      XL: |  1 |
---------------+----+-----
Axes           | 3 |  3.9
Fighting       | |  3.0
Armour         | |  1.7
Dodging        | |  1.7

Action                   || total
-------------------------++-------
Melee: Hand axe          ||    52
       Touch             ||     4
Invok: Berserk           ||     1
Armor: Animal skin       ||     1
       Ring mail         ||     9
Dodge: Dodged            ||    32

Table legend: (Time is in decaauts)
 A = Elapsed time spent in this place.
 B = Non-inter-level travel time spent in this place.
 C = Inter-level travel time spent in this place.
 D = Time resting spent in this place.
 E = Time spent auto-exploring this place.
 F = Levels seen in this place.
 G = Mean time per level.
                   A        B        C        D        E       F      G
               +--------+--------+--------+--------+--------+-----+--------+
         Total |   1103 |   1077 |     26 |    249 |    666 |   2 |  551.5 |
       Dungeon |   1103 |   1077 |     26 |    249 |    666 |   2 |  551.5 |
               +--------+--------+--------+--------+--------+-----+--------+

Top non-repeatable levels by time:
     D:1: 1032 daAuts
     D:2: 71 daAuts
